woodfighter, neutral female human Wizard --- ------ # ..| |....| ----------- #@# ...| ----- |....| |.........| # B...> |=*!| #......# ##..........| #### ...| |(%?| #|....|# # |.........| # # .. |%.%| #|*>..|### |.........| ## # | |...| #------# |#........| # -|--- ## # -----.----- # # # # # # # # # # # # # # ### -----# ### # # # |...|## # # ### ## |....# --|--------# # --.-- #-...| |..[......|# ##....-#####----- |...{..<...# |...| ----------- ----- woodfighter the Conjurer Experience level: 3 Strength: 8 Dexterity: 11 Constitution: 14 Intelligence: 16 Wisdom: 19 Charisma: 8 Health: 0(20) Energy: 9(14) Def: 1 Gold: 7 Moves: 1370 Dungeon seed: 8eWNdv7uo1Mzrjjr Game ID: woodfighter_1454956451 Your Inventory: Coins $ - 7 gold pieces Weapons a - a blessed +1 quarterstaff (weapon in hands) Armor e - an uncursed +0 cloak of magic resistance (being worn) n - an uncursed +0 helm of brilliance Comestibles f - 3 uncursed food rations j - 2 uncursed cloves of garlic k - an uncursed tripe ration Scrolls x - an uncursed scroll of identify Wands w - a wand of enlightenment (0:13) Tools c - an uncursed skeleton key g - an uncursed blindfold s - an uncursed sack Contents of the sack: 205 gold pieces an uncursed scroll of fire an uncursed scroll of scare monster an uncursed spellbook of charm monster an uncursed spellbook of cure blindness a blessed spellbook of force bolt an uncursed spellbook of wizard lock an uncursed potion of booze a blessed potion of polymorph an uncursed potion of sickness an uncursed ring of teleport control a wand of nothing (0:4) a cursed wand of sleep (0:4) Spells and supernatural/magical abilities: Name Level Category Fail Memory a - force bolt 1 attack 0% 94% w - wizard lock 2 matter 67% 94% W - pray for help -- divine ? -- Your skills at the end: Miscellaneous Skills wands [Basic] Weapon Skills quarterstaff [Basic] Spellcasting Skills attack spells [Basic] enchantment spells [Basic] Final Attributes: You were devoutly aligned. You were magic-protected. You are dead. Vanquished creatures: an iguana an acid blob a gecko 2 yellow molds 3 jackals 4 foxes 3 newts 3 goblins 2 sewer rats 2 grid bugs a bat a lichen 3 kobold zombies 27 creatures vanquished. Voluntary challenges: You did not adorn yourself with jewelry or accessories. You were an atheist. You used a wielded weapon 20 times, starting on turn 48. You did not apply a unicorn horn. You were illiterate. You never genocided any monsters. You never polymorphed an object. You never changed form. You used no wishes. You never split a pudding. You never wrote Elbereth's name. You never violated your personal moral code. Dungeon overview: The Dungeons of Doom: levels 1 to 4 Level 1 some fountains a long staircase Level 2 a fountain Level 3 a fountain Level 4 <- You were here a general store, a fountain, a sink stairs to The Gnomish Mines The Gnomish Mines: levels 5 to 6 Level 5 stairs to The Dungeons of Doom Level 6 History has recorded: On T:1 you entered the Dungeons of Doom to retrieve the Amulet of Yendor! On T:111 you reached level 2 of The Dungeons of Doom. On T:344 you advanced to experience level 2. On T:505 you reached level 3 of The Dungeons of Doom. On T:651 you reached level 4 of The Dungeons of Doom. On T:804 you advanced to experience level 3. On T:1113 you reached level 1 of The Gnomish Mines. On T:1117 you reached level 2 of The Gnomish Mines. Score breakdown: Gold: 212 ( 21 points) Experience: 3 levels ( 200 points) Exploration: 6 levels ( 150 points) Discoveries: 3 items ( 150 points) Variety of kills: 13 monsters ( 650 points) Major goal: (nothing yet) ( 0 points) Survival: died (score multiplied by 3) Total score: 3513 Latest messages: You put an uncursed spellbook of wizard lock into the bag. You put a bronze spellbook into the bag. You put a light blue spellbook into the bag. You put a magenta potion into the bag. You put a bubbly potion into the bag. You put a brown potion into the bag. You put a topaz ring into the bag. You put a wand of nothing (0:4) into the bag. The spell misses the giant bat. The giant bat bites! (2x) You die... Final status: Goodbye woodfighter the Wizard, killed by a giant bat... You died in The Dungeons of Doom on dungeon level 4 with 3513 points, and 212 pieces of gold, after 1370 moves. You were level 3 with a maximum of 20 hit points when you died.